General information
- name: BNet
- type: Ladder 1vs1/FFA
- host: Battle.net
- saver: KODOS_FORSAKEN
map: BrokenShard
- players: 2
- length: 15:40
- speed: Fast
- version: 1.26 W3XP
- replay type: Public
» download(66 KB)
Players
team 1 (winner)
KODOS_FORSAKEN (
purple | 117 APM | 1833 actions | 15:40)
4 Blademaster
2 Wind Walk
2 Critical Strike
» actions
| Assign group hotkey | 163 | |
| Basic commands | 22 | |
| Build / train | 54 | |
| Enter build submenu | 15 | |
| Enter hero's abilities submenu | 4 | |
| Give item / drop item | 6 | |
| Right click | 941 | |
| Select / deselect | 248 | |
| Select group hotkey | 274 | |
| Use ability | 104 | |
1833 total
» units
| Peon | 12 | |
| Demolisher | 6 | |
| Troll Batrider | 5 | |
23 total
» upgrades
| Ranged Weapons | 3 | |
| Burning Oil | 1 | |
| Reinforced Defenses | 1 | |
| Liquid Fire | 1 | |
| Armor | 1 | |
7 total
» buildings
| Altar of Storms | 1 | |
| Orc Burrow | 4 | |
| War Mill | 1 | |
| Voodoo Lounge | 2 | |
| Watch Tower | 5 | |
| Stronghold | 1 | |
| Barracks | 1 | |
| Fortress | 1 | |
| Beastiary | 1 | |
17 total
» build order
00:07 Altar of Storms
00:20 Orc Burrow
00:45 War Mill
01:21 Voodoo Lounge
02:00 Watch Tower
02:37 Watch Tower
03:15 Stronghold
03:54 Watch Tower
04:21 Watch Tower
04:45 Watch Tower
05:02 Orc Burrow
05:26 Barracks
05:53 Fortress
07:13 Beastiary
07:45 Voodoo Lounge
10:33 Orc Burrow
12:44 Orc Burrow
» items
| Circlet of Nobility | 3 | |
| Healing Salve | 4 | |
| Lesser Clarity Potion | 6 | |
| Boots of Speed | 1 | |
| Staff of Teleportation | 1 | |
| Orb of Lightning | 1 | |
16 total
team 2 (loser)
zA.AbazA (
orange | 181 APM | 2828 actions | 15:39)
2 Crypt Lord
1 Carrion Beetles
1 Spiked Carapace
1 Death Knight
1 Death Coil
» actions
| Assign group hotkey | 51 | |
| Basic commands | 128 | |
| Build / train | 75 | |
| ESC pressed | 3 | |
| Enter build submenu | 16 | |
| Enter hero's abilities submenu | 3 | |
| Give item / drop item | 1 | |
| Right click | 956 | |
| Select / deselect | 333 | |
| Select group hotkey | 1203 | |
| Use ability | 59 | |
2828 total
» units
| Acolyte | 15 | |
| Ghoul | 8 | |
| Crypt Fiend | 13 | |
| Meatwagon | 11 | |
47 total
» upgrades
» buildings
| Graveyard | 1 | |
| Crypt | 1 | |
| Altar of Darkness | 1 | |
| Ziggurat | 8 | |
| Tomb of Relics | 2 | |
| Nerubian Tower | 9 | |
| Halls of the Dead | 2 | |
| Spirit Tower | 2 | |
| Slaughterhouse | 1 | |
27 total
» build order
00:05 Graveyard
00:07 Crypt
00:44 Altar of Darkness
00:56 Ziggurat
01:21 Tomb of Relics
01:23 Tomb of Relics
01:38 Ziggurat
02:43 Nerubian Tower
05:19 Halls of the Dead
05:19 Halls of the Dead
05:31 Ziggurat
05:32 Ziggurat
05:35 Ziggurat
05:45 Ziggurat
06:33 Nerubian Tower
06:33 Nerubian Tower
06:33 Nerubian Tower
06:41 Spirit Tower
06:41 Nerubian Tower
06:41 Nerubian Tower
06:50 Ziggurat
07:59 Slaughterhouse
13:09 Ziggurat
13:09 Nerubian Tower
» items
| Rod of Necromancy | 1 | |
| Sacrificial Skull | 1 | |
| Dust of Appearance | 1 | |
3 total
Chat log
(00:17 / All) KODOS_FORSAKEN: sup hacker
(00:21 / All) zA.AbazA: SUP VIRGIN
(00:23 / All) zA.AbazA: SUP HACKER
(00:27 / All) zA.AbazA: WTF KODOS TRASH
(00:28 / All) zA.AbazA: LOL
(00:31 / All) zA.AbazA: COTTON PICKER
(00:32 / All) zA.AbazA: UMAD HACKER?
(00:34 / All) KODOS_FORSAKEN: wat
(00:34 / All) zA.AbazA: ROFLMAO
(00:36 / All) zA.AbazA: U MAD?
(00:37 / All) zA.AbazA: WTF NERD
(00:39 / All) zA.AbazA: HAHAHAHA NERD
(00:40 / All) KODOS_FORSAKEN: you try to hard man to be funny
(00:41 / All) zA.AbazA: VIRGIN FUCKING NERD
(00:48 / All) zA.AbazA: LOL
(00:50 / All) zA.AbazA: MUSLIM RAG HEAD
(00:54 / All) zA.AbazA: ABAZALLAH ME AKBAR
(00:58 / All) zA.AbazA: HAHAHA NERD
(01:01 / All) zA.AbazA: ROFL NRD
(01:01 / All) KODOS_FORSAKEN: the jokes are just bad
(01:02 / All) zA.AbazA: ROFLMAO NERRD
(01:05 / All) zA.AbazA: HAHAAHAHA FUCKI VIRGIN
(01:07 / All) zA.AbazA: ROFLMAO NERD
(01:10 / All) zA.AbazA: U MAD NERD?
(01:16 / All) zA.AbazA: ROFLMAO
(01:16 / All) zA.AbazA: NOOB
(01:19 / All) zA.AbazA: HAHAHAA
(01:26 / All) zA.AbazA: TRASH NERD
(01:27 / All) zA.AbazA: ROFLMAO NERD
(01:29 / All) zA.AbazA: HAHAHAHAHA
(01:41 / All) zA.AbazA: EROFLMAO
(01:42 / All) zA.AbazA: TRASH
(01:44 / All) zA.AbazA: SU0P VIRGIN
(01:46 / All) zA.AbazA: LOL VIRGIN
(01:48 / All) zA.AbazA: ROFLMAO VIRIGN
(01:56 / All) zA.AbazA: UR LIFE IS SHIT GO SUICIDE
(02:04 / All) KODOS_FORSAKEN: wat
(02:05 / All) zA.AbazA: LOL
(02:06 / All) zA.AbazA: VIRGIN
(02:07 / All) zA.AbazA: UMAD?
(02:15 / All) zA.AbazA: HAHHAHAHAHAHA HACKER
(02:17 / All) zA.AbazA: SUP HACKER
(02:18 / All) zA.AbazA: TRASH
(02:20 / All) zA.AbazA: NIGGER
(02:33 / All) zA.AbazA: HAHHAHAA NERD
(02:36 / All) zA.AbazA: ROFLMAO NERD
(02:39 / All) zA.AbazA: HAHAHA HACKER TRASH
(05:40 / All) KODOS_FORSAKEN: lol
(08:59 / All) KODOS_FORSAKEN: lol
(09:13 / All) KODOS_FORSAKEN: leave hacker
(09:44 / All) KODOS_FORSAKEN: lol
(14:12 / All) KODOS_FORSAKEN: leave hacker
(14:13 / All) KODOS_FORSAKEN: kodo #1
(15:23 / All) KODOS_FORSAKEN: lol